 Dungeon Crawl Stone Soup version 0.30-b1-5-g8e6c1be481 (console) character file.

Game seed: 12883142636016290651

2051 thromnambular the Fighter (level 9, -3/90 (96) HPs)
             Began as an Ogre Hedge Wizard on May 3, 2023.
             Was a Follower of Kikubaaqudgha.
             Slain by Psyche
             ... wielding a +4 dagger of chaos
              (9 damage)
             ... on level 8 of the Dungeon.
             The game lasted 00:42:50 (9764 turns).

thromnambular the Fighter (Ogre Hedge Wizard)       Turns: 9764, Time: 00:42:52

HP:   -3/90 (96)    AC:  3    Str: 16    XL:     9   Next: 25%
MP:   12/16         EV: 11    Int: 17    God:    Kikubaaqudgha [*.....]
Gold: 525           SH:  0    Dex: 10    Spells: 1/18 levels left

rFire   . . .        w - +0 giant club
rCold   . . .        (shield currently unavailable)
rNeg    . . .        b - +0 robe
rPois   .            c - +0 hat
rElec   .            y - scarf {shadows}
rCorr   .            (gloves unavailable)
SInv    +            (boots unavailable)
Will    .....        n - amulet of regeneration
Stlth   +            m - ring of see invisible
HPRegen 1.15/turn    (no ring)
MPRegen 0.15/turn

%: no passive effects
@: confused, lethally poisoned (-3 -> -3), animating dead, very slightly
contaminated, studying Evocations, drained
A: large, unfitting armour, tough skin 1
a: Renounce Religion, Unearth Wretches


You were on level 8 of the Dungeon.
You worshipped Kikubaaqudgha.
Kikubaaqudgha was aware of your devotion.
You visited 1 branch of the dungeon, and saw 8 of its levels.

You collected 525 gold pieces.

Inventory:

Hand Weapons
 p - a +1 flail
 w - a +0 giant club (weapon)
Missiles
 f - 23 poisoned darts
Armour
 b - a +0 robe (worn)
 c - a +0 hat (worn)
 x - an orb of mayhem
 y - a scarf of shadows (worn)
Jewellery
 e - a ring of fire
 m - a ring of see invisible (left hand)
 n - an amulet of regeneration (around neck)
 s - an amulet of guardian spirit
Scrolls
 j - 2 scrolls of immolation
 l - a scroll of poison
 o - a scroll of torment {unknown}
 r - a scroll of teleportation
 v - a scroll of enchant armour {unknown}
Potions
 a - 2 potions of brilliance
 g - a potion of might {unknown}
 h - a potion of ambrosia {unknown}
 i - a potion of curing
 k - a potion of mutation {unknown}
 q - 2 potions of attraction
 t - a potion of invisibility {unknown}
 u - a potion of lignification {unknown}


   Skills:
 + Level 8.3 Fighting
 + Level 4.1 Maces & Flails
 + Level 5.7 Dodging
 - Level 1.4 Stealth
 - Level 5.0 Spellcasting
 - Level 0.8 Conjurations
 - Level 0.8 Summonings
 - Level 3.4 Necromancy
 + Level 1.8 Translocations
 - Level 2.5 Air Magic


You had one spell level left.
You knew the following spells:

 Your Spells              Type           Power      Damage    Failure   Level
a - Magic Dart            Conj           28%        1d4       10%         1
b - Cigotuvi's Dreadful   Necr/Pois/Air  20%        N/A       10%         2
c - Necrotise             Necr           60%        1d7       3%          1
d - Vampiric Draining     Necr           15%        2d7       11%         3
e - Animate Dead          Necr           15%        N/A       34%         4
g - Vhi's Electric Charg  Tloc/Air       22%        N/A       17%         3
A - Apportation           Tloc           20%        N/A       7%          1
B - Blink                 Tloc           20%        N/A       10%         2

Your spell library contained the following spells:

 Spells                   Type           Power      Damage    Failure   Level
 Summon Small Mammal      Summ           28%        N/A       10%         1
 Slow                     Hex            16%        N/A       14%         1
 Sublimation of Blood     Necr           15%        N/A       5%          2
 Call Imp                 Summ           14%        N/A       16%         2
 Mephitic Cloud           Conj/Pois/Air  8%         N/A       26%         3
 Dazzling Flash           Conj/Hex       10%        N/A       34%         3
 Dispel Undead            Necr           15%        3d10      34%         4
 Agony                    Necr           15%        N/A       67%         5
 Leda's Liquefaction      Hex/Erth       2%         N/A       80%         4
 Arcjolt                  Conj/Air       4%         1d14      89%         5
 Silence                  Hex/Air        4%         N/A       93%         5
 Lee's Rapid Deconstruct  Erth           2%         3d4*      98%         5
 Death Channel            Necr           7%         N/A       99%         6
 Statue Form              Tmut/Erth      2%         N/A       100%        6
 Maxwell's Capacitive Co  Air            6%         ∞         100%        8


Dungeon Overview and Level Annotations

Branches:
Dungeon (8/15)             Temple (0/1) D:6
   Lair: D:8-11

Altars:
Dithmenos
Fedhas
Gozag
Kikubaaqudgha
Nemelex Xobeh
Okawaru
Sif Muna
Trog
Xom
Yredelemnul

Shops:
D:2 (   D:5 =

Annotations:
D:8 Psyche


Innate Abilities, Weirdness & Mutations

You are too large for most types of armour.
You have tough skin. (AC +1)


Message History

Psyche closely misses you.
Psyche gestures wildly while chanting.
A swirling arc of seething chaos appears!
The arc of chaos hits you.
* * * LOW HITPOINT WARNING * * *
Casting: Animate Dead (dangerous; 34% risk of failure)
Confirm with . or Enter, or press ? or * to list all spells.
You call upon the dead to rise.
You feel very sick.
Psyche hits you with a +4 dagger of chaos.
* * * LOW HITPOINT WARNING * * *
Space warps around you.
* * * LOW HITPOINT WARNING * * *
You feel much better.
You feel sick.
Psyche hits you with a +4 dagger of chaos!
You feel drained.
A steam dragon comes into view.
Casting: Animate Dead (dangerous; 34% risk of failure)
Confirm with . or Enter, or press ? or * to list all spells.
You don't have enough magic to cast this spell.
Magic courses through your body.
You feel sick.
Psyche looks encouraged for a moment.
Psyche closely misses you.
Casting: Animate Dead (dangerous; 34% risk of failure)
Confirm with . or Enter, or press ? or * to list all spells.
You call upon the dead to rise.
You feel sick. The steam dragon breathes steam at you.
The ball of steam hits you!
* * * LOW HITPOINT WARNING * * *
Psyche hits you with a +4 dagger of chaos.
* * * LOW HITPOINT WARNING * * *
You are confused.
You bump into the metal wall.
You are engulfed in a cloud of scalding steam.
* * * LOW HITPOINT WARNING * * *
You feel sick.
Psyche is engulfed in a cloud of scalding steam.
Psyche hits you with a +4 dagger of chaos!
You die...
Kikubaaqudgha rasps: "You have failed me!
Welcome... death!"

#....##.#
#.##.##.#
#.##.##.#
#.....†.#
####.####
#.# #.#
###§#
#.§@#
#.@§#
#.§D#
##†#####
#.#...#
#..#
#...[...#
###.###.#
# ##.


You could see Psyche (invisible) and a steam dragon (catching breath).

Vanquished Creatures
  Pikel (D:6)
  A steam dragon (D:7)
  A sky beast (D:8)
  An ice beast (D:5)
  An ogre (D:5)
  2 lemures (D:6)
  A phantom (D:5)
  A kobold brigand (D:6)
  A bullfrog (D:7)
  A scorpion (D:7)
  2 howler monkeys
  A hound (D:5)
  2 orc priests (D:6)
  A jelly (D:5)
  A gnoll bouda (D:7)
  5 orc wizards
  7 iguanas
  3 sleepcaps
  12 gnolls
  8 adders
  3 worms
  3 dart slugs
  20 orcs
  8 ball pythons
  9 endoplasms
  3 giant cockroaches
  6 goblins
  6 hobgoblins
  3 jackals (D:1)
  4 quokkas
  5 bats
  6 frilled lizards
  9 kobolds
  4 rats
142 creatures vanquished.

Vanquished Creatures (collateral kills)
  A scorpion (D:4)
  A kobold (D:6)
2 creatures vanquished.

Vanquished Creatures (others)
  A wizard (D:6)
  A sky beast (D:8)
  A jelly (D:5)
  A goblin (D:8)
4 creatures vanquished.

Grand Total: 148 creatures vanquished

Notes
Turn   | Place    | Note
-------+----------+-------------------------------------------
     0 | D:1      | thromnambular the Ogre Hedge Wizard began the quest for the
                  | Orb.
     0 | D:1      | Reached XP level 1. HP: 16/16 MP: 5/5
   167 | D:1      | Reached skill level 1 in Fighting
   248 | D:1      | Reached skill level 2 in Fighting
   271 | D:1      | Reached XP level 2. HP: 16/29 MP: 1/6
   456 | D:1      | Reached skill level 3 in Fighting
  1076 | D:1      | Reached XP level 3. HP: 31/37 MP: 2/8
  1339 | D:2      | Reached skill level 4 in Fighting
  1403 | D:2      | Found Wuusikem's Weapon Boutique.
  1852 | D:2      | Reached XP level 4. HP: 49/49 MP: 2/9
  1978 | D:2      | Found an ancient bone altar of Kikubaaqudgha.
  1986 | D:2      | Became a worshipper of Kikubaaqudgha
  2056 | D:2      | Learned a level 2 spell: Cigotuvi's Dreadful Rot
  2558 | D:3      | Found a sparkling altar of Nemelex Xobeh.
  2591 | D:3      | Found a blossoming altar of Fedhas.
  2594 | D:3      | Found an iron altar of Okawaru.
  2663 | D:3      | Reached skill level 1 in Necromancy
  2936 | D:3      | Found a shimmering altar of Xom.
  3043 | D:3      | Reached XP level 5. HP: 41/53 MP: 2/10
  3613 | D:3      | Found an opulent altar of Gozag.
  4308 | D:4      | Reached XP level 6. HP: 47/54 MP: 3/11
  4727 | D:4      | Found a shadowy altar of Dithmenos.
  4932 | D:4      | Identified the +0 chain mail of the Tired Artists {rElec
                  | rC+ MP+9 SInv}
  4954 | D:4      | Learned a level 1 spell: Necrotise
  5461 | D:5      | Entered Level 5 of the Dungeon
  5514 | D:4      | Reached skill level 5 in Fighting
  5531 | D:5      | Found Biemaj's Jewellery Shop.
  5727 | D:5      | Found a shimmering blue altar of Sif Muna.
  5905 | D:4      | Reached * piety under Kikubaaqudgha
  5905 | D:4      | Received a gift from Kikubaaqudgha
  5911 | D:4      | Learned a level 3 spell: Vampiric Draining
  6015 | D:5      | Learned a level 4 spell: Animate Dead
  6065 | D:5      | Reached XP level 7. HP: 60/72 MP: 7/12
  6388 | D:5      | Reached skill level 1 in Maces & Flails
  6466 | D:5      | Reached skill level 6 in Fighting
  6942 | D:6      | Found a basalt altar of Yredelemnul.
  7106 | D:6      | Reached XP level 8. HP: 49/84 MP: 0/14
  7217 | D:6      | Learned a level 2 spell: Blink
  7221 | D:6      | Learned a level 3 spell: Vhi's Electric Charge
  7348 | D:6      | Found a bloodstained altar of Trog.
  7563 | D:6      | Reached skill level 5 in Spellcasting
  7836 | D:6      | Found a staircase to the Ecumenical Temple.
  7841 | D:6      | Noticed Pikel
  7971 | D:6      | Learned a level 1 spell: Apportation
  7994 | D:6      | Killed Pikel
  7995 | D:6      | Reached skill level 7 in Fighting
  7995 | D:6      | Reached skill level 5 in Dodging
  7995 | D:6      | Reached skill level 1 in Air Magic
  8351 | D:6      | Noticed a wizard
  8357 | D:6      | Killed a wizard
  8743 | D:7      | Noticed a hornet
  8893 | D:7      | Reached ** piety under Kikubaaqudgha
  9015 | D:7      | Reached XP level 9. HP: 96/96 MP: 13/16
  9205 | D:7      | Paralysed by a hornet for 2 turns
  9224 | D:6      | Reached skill level 1 in Translocations
  9438 | D:7      | Reached skill level 8 in Fighting
  9745 | D:8      | Noticed Psyche
  9764 | D:8      | Slain by Psyche

Illustrated notes

Levels and vault maps discovered:
D:1:      lightli_arrival_noodles, layout_basic
D:2:      layout_basic, basic_altar, serial_shops, shop, minmay_lizard_pond
D:3:      layout_loops_cross, general_overflow_altar,
          minmay_overflow_temple_star_quad,
          nicolae_gozag_cash_rules_everything_around_me, nicolae_half_adder
D:4:      layout_basic, kennysheep_mini_moat
D:5:      layout_loops_cross, kennysheep_mini, serial_shops, nicolae_shop_trees,
          minmay_manual_mail
D:6:      layout_layer_cave, mainiacjoe_overflow_paths, trog_wizard,
          minmay_temple_entry_mist, uniq_pikel
D:7:      layout_loops_ring, minivault_26
D:8:      layout_loops_cross, nicolae_elyvilon_peaceful_grove, zin_treasury,
          uniq_psyche, uniq_joseph, uniq_erica

Skill      XL: |  1  2  3  4  5  6  7  8  9 |
---------------+----------------------------+-----
Fighting       | 2 3 4 5 6 7 8 |  8.3
Necromancy     | 1 2 3 |  3.4
Dodging        | 2 3 4 5 |  5.7
Maces & Flails | 2 3 4 |  4.1
Spellcasting   | 4 5 |  5.0
Air Magic      | 2 |  2.5
Translocations | 1 |  1.8
Stealth        | |  1.4
Conjurations   | |  0.8
Summonings     | |  0.8

Action                     |  1- 3 |  4- 6 |  7- 9 || total
---------------------------+-------+-------+-------++-------
  Melee: Dagger            |    67 |    11 |       ||    78
         Punch             |     1 |     3 |     1 ||     5
         Flail             |       |    47 |    29 ||    76
         Giant club        |       |       |   118 ||   118
  Throw: Dart              |     4 |    44 |       ||    48
   Cast: Magic Dart        |    81 |   145 |     1 ||   227
         Cigotuvi's Dreadf |       |     3 |       ||     3
         Necrotise         |       |    21 |   137 ||   158
         Vampiric Draining |       |       |     3 ||     3
         Animate Dead      |       |       |     3 ||     3
         Vhi's Electric Ch |       |       |     2 ||     2
 Invoke: Unearth Wretches  |       |     1 |     1 ||     2
  Evoke: Wand              |       |     1 |    11 ||    12
    Use: Scroll            |     2 |    10 |     9 ||    21
         Potion            |       |     3 |     5 ||     8
   Stab: Paralysed         |       |     5 |    11 ||    16
         Sleeping          |       |       |     2 ||     2
 Armour: Robe              |    32 |    22 |    35 ||    89
  Dodge: Dodged            |    41 |    74 |   148 ||   263
